 Dungeon Crawl Stone Soup version 0.19.1 (webtiles) character file.

609 omegacute the Cleaver (level 7, -7/57 HPs)
             Began as a Minotaur Berserker on Dec 6, 2016.
             Was a Priest of Trog.
             Splashed by a jelly's acid (8 damage)
             ... on level 5 of the Dungeon.
             The game lasted 00:11:21 (4762 turns).

omegacute the Cleaver (Minotaur Berserker)          Turns: 4762, Time: 00:11:22

Health: -7/57      AC: -1    Str: 24    XL:     7   Next: 19%
Magic:  6/6        EV:  7    Int:  4    God:    Trog [***...]
Gold:   172        SH:  0    Dex:  9    Spells: 0 memorised, 6 levels left

rFire  . . .     SeeInvis .     a - +0 war axe
rCold  . . .     Gourm    .     A - +0 plate armour
rNeg   . . .     Faith    +     (no shield)
rPois  .         Spirit   .     (helmet restricted)
rElec  .         Reflect  .     (no cloak)
rCorr  .         Harm     .     l - +2 pair of gloves
MR     +++..                    (no boots)
Stlth  ..........               m - amulet of faith
                                (no ring)
                                z - ring of protection from magic

@: corroded, regenerating
A: retaliatory headbutt, horns 2
a: Berserk, Trog's Hand, Burn Spellbooks, Renounce Religion


You were on level 5 of the Dungeon.
You worshipped Trog.
Trog was most pleased with you.
You were not hungry.

You visited 1 branch of the dungeon, and saw 5 of its levels.

You collected 172 gold pieces.

Inventory:

Hand Weapons
 a - a +0 war axe (weapon)
Armour
 l - a +2 pair of gloves (worn)
 A - a +0 plate armour (worn)
Jewellery
 m - an amulet of faith (around neck)
 z - a ring of protection from magic (left hand)
Wands
 h - a wand of flame (22/48)
 q - a wand of digging (5/24)
Scrolls
 d - 5 scrolls of magic mapping {unknown}
 e - 3 scrolls of noise {unknown}
 g - 5 scrolls of teleportation
 j - a scroll of blinking {unknown}
 p - 3 scrolls of identify
 u - a scroll of amnesia {unknown}
 y - a scroll of enchant armour
 D - a scroll of recharging {unknown}
Potions
 b - a potion of might {unknown}
 i - 3 potions of heal wounds {unknown}
 k - a potion of brilliance {unknown}
 n - a potion of mutation {unknown}
 r - 3 potions of curing {unknown}
 s - a potion of magic {unknown}
 v - a potion of flight {unknown}
 w - 2 potions of resistance {unknown}
 x - a potion of berserk rage {unknown}
 B - 2 potions of agility {unknown}
 C - a potion of ambrosia {unknown}
Comestibles
 c - 4 bread rations
 f - 3 meat rations
 o - a beef jerky
 t - 12 fruits
 E - 2 chunks of flesh


   Skills:
 - Level 3.6 Fighting
 + Level 10.0 Axes
 - Level 2.4 Armour
 - Level 2.1 Dodging


You had 6 spell levels left.
You didn't know any spells.

Dungeon Overview and Level Annotations

Branches:
Dungeon (5/15)
 Temple: D:4-7

Altars:
Dithmenos
Fedhas
Gozag
Makhleb
Xom

Shops:
D:4 %


Innate Abilities, Weirdness & Mutations

You reflexively headbutt those who attack you in melee.
You have a pair of horns on your head.


Message History

You take 5 damage, and have 20/57 hp.
You hit the jelly.
Your hands burn!
* * * LOW HITPOINT WARNING * * *
The jelly is almost dead.
The jelly hits you but does no damage.
You take 5 damage, and have 15/57 hp.
Your plate armour prevents you from hitting the jelly.
You headbutt the jelly, but do no damage.
The jelly is almost dead.
The jelly hits you.
* * * LOW HITPOINT WARNING * * *
The acid corrodes you!
You are splashed with acid!
The acid burns!
* * * LOW HITPOINT WARNING * * *
You take 12 damage, and have 3/57 hp.
MASSIVE DAMAGE!!
Your skin crawls.
You feel resistant to hostile enchantments.
You feel somewhat more hungry. The jelly hits you.
* * * LOW HITPOINT WARNING * * *
You are splashed with acid!
The acid burns!
You die...

..........
.....(...
.........
.........
........# #.#
.......w# #.#
.......J###.#
.......@.##.#
########.##.#
#..#.# ##.#.#
..[.. #.#.#
..... #...#
.....
###..#####
.....
#..........
.....
#.#..######


You could see a jelly and a dart slug.

Vanquished Creatures
  A phantom (D:4)
  A centaur (D:5)
  A scorpion (D:5)
  3 orc wizards (D:3)
  3 orc priests (D:3)
  A centaur skeleton (D:4)
  3 gnolls (D:3)
  5 adders
  3 worms
  2 dart slugs
  4 leopard geckos
  16 orcs (D:3)
  5 giant cockroaches
  9 goblins
  6 hobgoblins
  6 jackals (D:2)
  5 kobolds
  2 quokkas (D:2)
  6 bats
  5 frilled lizards
  A jackal skeleton (D:4)
  5 rats
93 creatures vanquished.

Notes
Turn   | Place    | Note
-------+----------+-------------------------------------------
     0 | D:1      | omegacute the Minotaur Berserker began the quest for the Orb.
     0 | D:1      | Reached XP level 1. HP: 19/19 MP: 0/0
    91 | D:1      | Reached skill level 4 in Axes
   252 | D:1      | Reached XP level 2. HP: 12/26 MP: 1/1
  1239 | D:1      | Reached skill level 5 in Axes
  1272 | D:2      | Reached XP level 3. HP: 31/31 MP: 2/2
  1552 | D:2      | Found a shadowy altar of Dithmenos.
  1568 | D:2      | Reached ** piety under Trog
  2281 | D:3      | Reached XP level 4. HP: 36/39 MP: 3/3
  2375 | D:3      | Reached skill level 6 in Axes
  2397 | D:3      | Reached skill level 7 in Axes
  2397 | D:3      | Reached XP level 5. HP: 41/45 MP: 4/4
  2617 | D:3      | Reached skill level 8 in Axes
  2924 | D:3      | Reached XP level 6. HP: 51/51 MP: 5/5
  2968 | D:3      | Found a burning altar of Makhleb.
  2968 | D:3      | Noticed an Executioner
  2980 | D:3      | Noticed a neqoxec
  2980 | D:3      | Noticed a hellwing
  3143 | D:3      | Found a shimmering altar of Xom.
  3143 | D:3      | Found an opulent altar of Gozag.
  3611 | D:4      | Reached skill level 9 in Axes
  3691 | D:4      | Reached *** piety under Trog
  3704 | D:4      | Found Utoeb's Food Shoppe.
  4494 | D:5      | Entered Level 5 of the Dungeon
  4541 | D:5      | Found a blossoming altar of Fedhas.
  4610 | D:5      | Reached XP level 7. HP: 46/57 MP: 6/6
  4612 | D:5      | Reached skill level 10 in Axes
  4762 | D:5      | HP: 1/57 [jelly (3)]
  4762 | D:5      | Splashed by a jelly's acid

Skill      XL: |  1  2  3  4  5  6  7 |
---------------+----------------------+-----
Axes           | 4 5 7 8 9 10 | 10.0
Fighting       | |  3.6
Armour         | |  2.4
Dodging        | |  2.1

Action                   |  1- 3 |  4- 6 |  7- 9 || total
-------------------------+-------+-------+-------++-------
Melee: Hand axe          |    92 |       |       ||    92
       Headbutt          |    10 |    18 |     2 ||    30
       War axe           |    13 |   102 |     8 ||   123
Invok: Berserk           |     1 |     1 |       ||     2
       Trog's Hand       |       |       |     1 ||     1
Evoke: Wand              |       |     2 |       ||     2
  Use: Scroll            |       |     4 |       ||     4
  Eat: Chunk             |     5 |     5 |     3 ||    13
       Beef jerky        |       |     1 |       ||     1
Armor: Animal skin       |     6 |       |       ||     6
       Ring mail         |    40 |    39 |       ||    79
       Plate armour      |       |     6 |     4 ||    10
Dodge: Dodged            |    70 |    69 |     3 ||   142
